 Dungeon Sprint DCSS version 0.30-a0-123-g91d0c66ccf (webtiles) character file.

Game seed: 2566605406384693998

210 mhtbhm the Geomancer (level 5, -2/28 HPs)
             Began as a Gargoyle Earth Elementalist on Sept 17, 2022.
             Was an Initiate of Vehumet.
             Killed from afar by a deep elf pyromancer (30 damage)
             ... with a bolt of fire
             ... in the Dungeon (Sprint III: "The Ten Rune Challenge").
             The game lasted 00:01:03 (636 turns).

mhtbhm the Geomancer (Gargoyle Earth Elementalist)   Turns: 636, Time: 00:01:05

Health: -2/28      AC:  6    Str: 11    XL:     5   Next: 88%
Magic:  13/13      EV: 12    Int: 18    God:    Vehumet [......]
Gold:   38         SH:  0    Dex: 10    Spells: 5/15 levels left

rFire   . . .      SeeInvis .    h - +4 club
rCold   . . .      Faith    .    (no shield)
rNeg    + . .      Spirit   .    a - +0 robe
rPois   ∞          Reflect  .    (no helmet)
rElec   +          Harm     .    (no cloak)
rCorr   .          Rampage  .    (no gloves)
Will    .....      NoTele   +    (no boots)
Stlth   ++........               (no amulet)
HPRegen 0.09/turn                (no ring)
MPRegen 0.13/turn                (no ring)

@: studying Unarmed Combat
A: sickness immunity, AC +4, negative energy resistance 1, electricity
resistance, torment resistance 1, petrification resistance
a: Renounce Religion


You were in the Dungeon.
You worshipped Vehumet.
Vehumet was noncommittal.
You visited 1 branch You collected 38 gold pieces.

Inventory:

Hand Weapons
 h - a +4 club (weapon)
Armour
 a - a +0 robe (worn)
Scrolls
 g - a scroll of blinking
 j - a scroll of torment {unknown}
 k - 2 scrolls of enchant armour {unknown}
 m - a scroll of immolation {unknown}
Potions
 b - 3 potions of magic
 c - 2 potions of curing
 d - 4 potions of mutation {unknown}
 e - a potion of haste
 f - a potion of berserk rage
 i - a potion of might {unknown}
 l - a potion of flight {unknown}
 n - a potion of cancellation {unknown}


   Skills:
 + Level 0.9 Fighting
 + Level 3.2 Dodging
 + Level 4.6 Stealth
 + Level 5.8 Spellcasting
 + Level 1.1 Transmutations
 + Level 10.7 Earth Magic


You had 5 spell levels left.
You knew the following spells:

 Your Spells              Type           Power      Damage    Failure   Level
a - Sandblast             Erth           86%        2d18      1%          1
b - Passwall              Tmut/Erth      21%        N/A       1%          2
c - Stone Arrow           Conj/Erth      48%        3d10      4%          3
d - Petrify               Tmut/Erth      26%        N/A       11%         4

Your spell library contained the following spells:

 Spells                   Type           Power      Damage    Failure   Level
 Leda's Liquefaction      Hex/Erth       12%        N/A       14%         4
 Call Canine Familiar     Summ           5%         N/A       36%         3
 Portal Projectile        Hex/Tloc       10%        N/A       36%         3


Dungeon Overview and Level Annotations

Branches:
Dungeon (1/1)

Altars:
Elyvilon
Kikubaaqudgha
Sif Muna
Vehumet
Zin
The Shining One


Innate Abilities, Weirdness & Mutations

You are immune to sickness and miasma.
Your stone body is resilient. (AC +4)
You are immune to poison.
You resist negative energy. (rN+)
You are resistant to electric shocks. (rElec)
You are resistant to unholy torment.
You are immune to petrification.


Message History

Unknown command.
Casting: Sandblast (safe; 1% risk of failure)
Confirm with . or Enter, or press ? or * to list all spells.
Aiming: Sandblast (safe; 1% risk of failure)
Press: ? - help, Shift-Dir - straight line, f/p - kobold demonologist
Aim: a kobold demonologist, wielding a +0 dagger and wearing a +0 robe (almost dead, 79% to hit)
The blast of sand hits the kobold demonologist!
You kill the kobold demonologist!
The shadow imp disappears in a puff of smoke!
Unknown command.
Found a book of the Hunter.
There is an open door here.
Things that are here:
a +0 dagger; a +0 robe; a kobold corpse
There is a radiant altar of Vehumet here.
There is a shimmering blue altar of Sif Muna here.
There is an ancient bone altar of Kikubaaqudgha here.
You pick up a book of the Hunter and begin reading...
You add the spells Call Canine Familiar, Portal Projectile and Leda's Liquefaction to your library.
You pick up a manual of Unarmed Combat and begin studying.
Things that are here:
a +0 dagger; a +0 robe
There is a radiant altar of Vehumet here.
You kneel at the altar of Vehumet.
Vehumet welcomes you!
Okay, then.
You start resting.
Magic restored.
You start waiting.
There is an open door here.
Things that are here:
a +0 dagger; a +0 robe; a kobold corpse
There is a fountain of clear blue water here.
As you open the door, it creaks loudly!
A deep elf pyromancer comes into view.
It is wielding a +2 long sword of holy wrath.
The deep elf pyromancer shouts!
The deep elf pyromancer casts a spell at you.
The bolt of fire hits you!!
Ouch! That really hurt!
You die...

▓▓▓ ▓▓▓ ..#### ##.####
.....#####..#___
..[...#..#..#e..
.##...#..#..###'#+###+##
.###..##'#..#...@......#
#.##..###...'.⌠........#
.##..####...#...######+#
.##..###....#.⌠.#
##...##.....#...#
#....#......#)###
#..##.#.....#.).#
#..#####....#___# ▓▓▓▓
▓▓▓▓▓▓▓▓▓▓


You could see a deep elf pyromancer.

Vanquished Creatures
  A water elemental (D)
  A scorpion (D)
  Jessica (D)
  A wizard (D)
  A kobold demonologist (D)
  A human (D)
  2 endoplasms (D)
8 creatures vanquished.

Notes
Turn   | Place    | Note
-------+----------+-------------------------------------------
     0 | D        | mhtbhm the Gargoyle Earth Elementalist began the quest for
                  | the Orb.
     0 | D        | Reached XP level 1. HP: 10/10 MP: 3/3
     8 | D        | Reached skill level 4 in Earth Magic
    46 | D        | Noticed Jessica
    51 | D        | Killed Jessica
    52 | D        | Reached skill level 6 in Earth Magic
    52 | D        | Reached XP level 2. HP: 15/15 MP: 0/6
    52 | D        | Reached XP level 3. HP: 19/19 MP: 0/7
   142 | D        | Reached skill level 7 in Earth Magic
   233 | D        | Learned a level 2 spell: Passwall
   237 | D        | Learned a level 3 spell: Stone Arrow
   341 | D        | Noticed a scorpion
   346 | D        | Killed a scorpion
   347 | D        | Reached skill level 1 in Transmutations
   347 | D        | Reached skill level 8 in Earth Magic
   347 | D        | Reached XP level 4. HP: 24/24 MP: 1/10
   422 | D        | Learned a level 4 spell: Petrify
   489 | D        | Noticed a water elemental
   495 | D        | Killed a water elemental
   496 | D        | Reached skill level 5 in Spellcasting
   496 | D        | Reached skill level 10 in Earth Magic
   496 | D        | Reached XP level 5. HP: 24/28 MP: 5/12
   547 | D        | Found a radiant altar of Vehumet.
   547 | D        | Found a shimmering blue altar of Sif Muna.
   547 | D        | Found an ancient bone altar of Kikubaaqudgha.
   563 | D        | Became a worshipper of Vehumet
   636 | D        | Found a glowing silver altar of Zin.
   636 | D        | Found a glowing golden altar of the Shining One.
   636 | D        | Found a white marble altar of Elyvilon.
   636 | D        | Noticed a deep elf pyromancer
   636 | D        | Killed from afar by a deep elf pyromancer

Illustrated notes

Levels and vault maps discovered:
D:        dungeon_sprint_mu [sprint_mu_entry_cave, sprint_mu_temple_rooms,
          sprint_mu_d1_horrors, sprint_mu_d2_genie, sprint_mu_d3_branching,
          sprint_mu_orc_legion, sprint_mu_elf_gauntlet, sprint_mu_hive_nellie,
          sprint_mu_lair_fedhas, sprint_mu_vaults_butterflies,
          sprint_mu_slime_circle, sprint_mu_shoals_kraken,
          sprint_mu_snake_twists, sprint_mu_blade_basic, sprint_mu_crypt_lich,
          sprint_mu_tomb_spiral, sprint_mu_vestibule_basic,
          sprint_mu_gehenna_hellfire, sprint_mu_dis_giant,
          sprint_mu_tartarus_statrot, sprint_mu_cocytus_islands, sprint_mu_zot1]

Skill      XL: |  1  2  3  4 |
---------------+-------------+-----
Earth Magic    | 6 8 10 | 10.7
Dodging        | 2 3 |  3.2
Stealth        | 3 4 |  4.6
Spellcasting   | 3 4 5 |  5.8
Transmutations | 1 |  1.1
Fighting       | |  0.9

Action                   |  1- 3 |  4- 6 || total
-------------------------+-------+-------++-------
 Cast: Sandblast         |    14 |     9 ||    23
       Stone Arrow       |     1 |       ||     1
  Use: Potion            |     1 |       ||     1
Armor: Robe              |     1 |       ||     1
Dodge: Dodged            |     4 |     3 ||     7

Table legend: (Time is in decaauts)
 A = Elapsed time spent in this place.
 B = Non-inter-level travel time spent in this place.
 C = Inter-level travel time spent in this place.
 D = Time resting spent in this place.
 E = Time spent auto-exploring this place.
 F = Levels seen in this place.
 G = Mean time per level.
                   A        B        C        D        E       F      G
               +--------+--------+--------+--------+--------+-----+--------+
         Total |    647 |    647 |      0 |    480 |     42 |   1 |  647.0 |
       Dungeon |    647 |    647 |      0 |    480 |     42 |   1 |  647.0 |
               +--------+--------+--------+--------+--------+-----+--------+

Top non-repeatable levels by time:
       D: 647 daAuts
